 Dungeon Crawl Stone Soup version 0.18.1-48-g4cf74bf (webtiles) character file.

77706 Peloso the Fencer (level 15, -8/139 HPs)
             Began as a Minotaur Fighter on July 24, 2016.
             Was the Champion of Okawaru.
             Killed from afar by a starcursed mass (12 damage)
             ... with an accursed screaming
             ... while paralysed by accursed screaming
             ... on level 2 of the Abyss.
             The game lasted 01:18:15 (22034 turns).

Peloso the Fencer (Minotaur Fighter)               Turns: 22034, Time: 01:18:17

Health: -8/139     AC: 29    Str: 30    XL:     15   Next: 16%
Magic:  15/15      EV:  2    Int: 10    God:    Okawaru [******]
Gold:   1941       SH:  0    Dex: 14    Spells: 0 memorised, 14 levels left

rFire  + . .     SeeInvis +     z - +3 double sword (protect)
rCold  . . .     Gourm    .     E - +7 chain mail "Fygg" {Int+5}
rNeg   . . .     Faith    .     c - +1 shield
rPois  +         Spirit   .     S - +0 hat {SInv}
rElec  +         Dismiss  .     l - +0 cloak of Jucu {rPois rF- MR+ Stlth+}
rCorr  .         Reflect  .     F - +1 pair of gloves {Str+3}
SustAt .         Harm     .     (no boots)
MR     ++++.                    y - amulet of Lomett {+Rage rElec Str+4 SInv}
Stlth  ..........               U - ring of protection from magic
                                O - ring of Goffusta {*Corrode rElec rF++ MR+ SInv}

@: paralysed, about to teleport, non-regenerating, diseased, incredibly
resistant to hostile enchantments, extremely unstealthy
A: retaliatory headbutt, horns 2
a: Heroism, Finesse, Renounce Religion, Evoke Berserk Rage


You were on level 2 of the Abyss.
You worshipped Okawaru.
Okawaru was exalted by your worship.
You were not hungry.

You visited 2 branches of the dungeon, and saw 21 of its levels.
You visited the Abyss 1 time.
You also visited: Ice Cave and Volcano.

You collected 1941 gold pieces.

Inventory:

Hand Weapons
 z - a +3 double sword of protection (weapon)
 W - a +1 long sword of flaming
Armour
 b - a +0 buckler of protection
 c - a +1 shield (worn)
 l - the +0 cloak of Jucu (worn) {rPois rF- MR+ Stlth+}
   (Okawaru gifted it to you on level 11 of the Dungeon)

   It makes you vulnerable to fire.
   It protects you from poison.
   It affects your resistance to hostile enchantments.
   It makes you more stealthy.
 r - a +0 cloak
 E - the +7 chain mail "Fygg" (worn) {Int+5}
   (You found it on level 10 of the Dungeon)

   It affects your intelligence (+5).
 F - a +1 pair of gloves of strength (worn)
 S - a +0 hat of see invisible (worn)
Jewellery
 j - a +3 ring of dexterity
 k - an uncursed ring of protection from cold
 y - the amulet of Lomett (around neck) {+Rage rElec Str+4 SInv}
   (You found it in an ice cave)

   [amulet of rage]

   It affects your strength (+4).
   It insulates you from electricity.
   It lets you see invisible.
   It lets you go berserk.
 O - the ring of Goffusta (left hand) {*Corrode rElec rF++ MR+ SInv}
   (You found it in an ice cave)

   [ring of protection from magic]

   It greatly protects you from fire.
   It insulates you from electricity.
   It affects your resistance to hostile enchantments.
   It lets you see invisible.
   It may corrode you when you take damage.
 U - a ring of protection from magic (right hand)
 V - an uncursed ring of flight
Wands
 g - a wand of digging (12/24)
 m - a wand of hasting (6/9)
Scrolls
 i - 2 scrolls of enchant armour
 q - 10 scrolls of remove curse
 x - a scroll of blinking
 C - 3 scrolls of teleportation
 G - 4 scrolls of identify
 H - 2 scrolls of holy word
 N - 3 scrolls of enchant weapon
 Q - 4 scrolls of fear
 X - 3 scrolls of recharging
Potions
 d - 4 potions of might
 n - 2 potions of flight
 o - 4 potions of resistance
 t - 2 potions of agility
 u - 3 potions of curing
 D - a potion of invisibility
 I - 2 potions of haste
 J - 3 potions of heal wounds
 K - a potion of ambrosia
 Y - 4 potions of berserk rage
Comestibles
 a - 5 chunks of flesh
 f - 13 bread rations
 h - 3 slices of pizza
 v - 47 fruits
 w - 10 meat rations
 B - 23 royal jellies


   Skills:
 + Level 14.3 Fighting
 + Level 17.3 Long Blades
 + Level 14.9 Armour
 + Level 8.6 Dodging
 + Level 1.6 Stealth
 + Level 14.1 Shields
 + Level 2.0 Invocations
 + Level 0.5 Evocations


You had 14 spell levels left.
You didn't know any spells.

Dungeon Overview and Level Annotations

Branches:
Dungeon (13/15)            Temple (0/1) D:6            Lair (8/8) D:9
 Shoals (0/4) Lair:3       Spider (0/4) Lair:6        Slime (0/6) Lair:8
    Orc (0/2) D:11
 Vaults: D:13-14

Altars:
Ashenzari
Cheibriados
Fedhas
Kikubaaqudgha
Makhleb
Nemelex Xobeh
Okawaru
Sif Muna
Trog
Xom
Zin
The Shining One

Annotations:
D:3 exclusion: oklob plant


Innate Abilities, Weirdness & Mutations

You reflexively headbutt those who attack you in melee.
You have a pair of horns on your head.


Message History

A cacophony of accursed wailing tears at your sanity!
* * * LOW HITPOINT WARNING * * *
You suddenly lose the ability to move!
The starcursed mass engulfs you!
* * * LOW HITPOINT WARNING * * *
The starcursed mass engulfs you but does no damage.
The starcursed mass engulfs you but does no damage.
The tentacled starspawn bites you but does no damage.
The tentacled starspawn engulfs you but does no damage.
The starcursed mass engulfs you but does no damage.
A cacophony of accursed wailing tears at your sanity!
* * * LOW HITPOINT WARNING * * *
You shrug off the repeated paralysis!
The starcursed mass engulfs you but does no damage.
The starcursed mass engulfs you but does no damage.
The tentacled starspawn bites you but does no damage.
The tentacled starspawn engulfs you but does no damage.
The starcursed mass engulfs you.
* * * LOW HITPOINT WARNING * * *
A cacophony of accursed wailing tears at your sanity!
You die...

#.# .#.
##.##.# ##....
. ...
####.##...#.#.
# .##.#.#....#
.##.... .....#
## .
#.####.....# #
.# ..
##....§#..#.
#...# #
##..#...§....
. .
#.#.#XXX.....#
.. # ..
#.XXXXx.#...
### . ####@X##
. .### ##X..#
# ) . . ..#.#
#.#. . #.# #
## . #.#... #§
.. . ... # ##
# . . .# ## #.
#


You could see 8 starcursed masses, a tentacled starspawn and an ancient zyme.

Vanquished Creatures
  Maud (Lair:7)
  Azrael (D:12)
  A fire dragon (Lair:8)
  Harold (Lair:4)
  2 ice dragons (IceCv)
  5 hydras
  Erolcha (D:9)
  11 death yaks
  2 tengu warriors (D:13)
  Urug (D:12)
  4 skeletal warriors (D:11)
  An unseen horror (D:12)
  4 hill giants
  2 griffons
  A deep elf mage (D:12)
  An orb spider (Lair:6)
  A manticore (D:11)
  A cyclops (D:11)
  A large abomination (Abyss:2)
  3 ugly things
  6 black mambas
  6 elephants
  2 ice statues (IceCv)
  10 spiny frogs
  3 rime drakes
  8 komodo dragons
  4 merfolk (Lair:3)
  A queen bee (Lair:6)
  3 trolls
  2 two-headed ogres
  9 polar bears
  17 blink frogs
  A boulder beetle (Lair:8)
  6 raiju
  5 slime creatures (D:13)
  A human (D:11)
  A spriggan (D:10)
  A vampire (D:11)
  6 basilisks
  2 wyverns (Lair:4)
  55 yaks
  16 hippogriffs
  3 fire elementals (D:12)
  2 hungry ghosts
  3 steam dragons
  4 mottled dragons (Lair:8)
  5 wargs (Lair:8)
  Menkaure (D:5)
  12 orc warriors
  14 water moccasins
  16 black bears
  8 hell hounds
  9 porcupines
  18 ice beasts
  A wasp (D:8)
  3 sky beasts
  4 ogres
  An eye of draining (D:12)
  2 phantoms
  20 wolves
  10 centaurs
  15 crocodiles
  20 giant frogs
  5 big kobolds
  2 wyvern skeletons
  6 scorpions
  19 killer bees
  4 electric eels
  3 vampire bats (Lair:8)
  4 howler monkeys
  7 crimson imps
  2 giant frog zombies
  2 centaur zombies
  3 jellies
  2 quasits
  13 orc priests
  2 centaur skeletons
  19 hounds
  2 iron imps (Abyss:2)
  13 orc wizards
  9 iguanas
  5 worker ants
  22 sheep
  A hound skeleton (D:4)
  A mummy (D:9)
  13 gnolls
  2 howler monkey skeletons
  54 river rats
  9 adders
  An adder skeleton (D:8)
  An adder zombie (D:5)
  9 worms
  A dart slug (D:1)
  4 giant geckos
  36 orcs
  5 giant cockroaches
  10 goblins
  9 hobgoblins
  11 jackals
  6 quokkas
  2 ball pythons (D:1)
  14 bats
  A giant gecko skeleton (D:4)
  6 giant newts
  A jackal skeleton (D:5)
  30 kobolds
  9 rats
  11 fungi (D:3)
  6 plants
778 creatures vanquished.

Vanquished Creatures (others)
  10 fungi
  48 plants
  14 toadstools (D:3)
72 creatures vanquished.

Grand Total: 850 creatures vanquished

Notes
Turn   | Place    | Note
--------------------------------------------------------------
     0 | D:1      | Peloso the Minotaur Fighter began the quest for the Orb.
     0 | D:1      | Reached XP level 1. HP: 19/19 MP: 0/0
   200 | D:1      | Reached XP level 2. HP: 27/27 MP: 1/1
   522 | D:1      | Reached XP level 3. HP: 33/33 MP: 2/2
   641 | D:1      | Reached skill level 3 in Long Blades
   731 | D:2      | Found an ancient bone altar of Kikubaaqudgha.
   965 | D:2      | Found a glowing golden altar of the Shining One.
   981 | D:2      | Reached skill level 1 in Dodging
  1278 | D:3      | Reached XP level 4. HP: 40/40 MP: 3/3
  1361 | D:3      | Reached XP level 5. HP: 29/46 MP: 4/4
  1507 | D:3      | Reached skill level 5 in Shields
  1600 | D:3      | Found a blossoming altar of Fedhas.
  1611 | D:3      | Noticed an oklob plant
  1654 | D:3      | Reached skill level 5 in Armour
  2360 | D:4      | Reached XP level 6. HP: 20/52 MP: 5/5
  2723 | D:4      | Reached skill level 4 in Long Blades
  2887 | D:5      | Entered Level 5 of the Dungeon
  2939 | D:5      | Found a burning altar of Makhleb.
  2966 | D:5      | Noticed Menkaure
  2982 | D:5      | Reached XP level 7. HP: 30/60 MP: 6/6
  3000 | D:5      | Killed Menkaure
  3705 | D:5      | Found a snail-covered altar of Cheibriados.
  3769 | D:5      | Reached skill level 5 in Fighting
  4006 | D:5      | Found an iron altar of Okawaru.
  4014 | D:5      | Became a worshipper of Warmaster Okawaru
  4102 | D:5      | Reached skill level 5 in Long Blades
  4124 | D:5      | Found a sparkling altar of Nemelex Xobeh.
  4124 | D:5      | Found a shattered altar of Ashenzari.
  4260 | D:6      | Reached XP level 8. HP: 68/68 MP: 7/7
  4632 | D:6      | Found a staircase to the Ecumenical Temple.
  4638 | D:6      | Reached skill level 1 in Stealth
  4943 | D:6      | Noticed a moth of wrath
  4946 | D:6      | Found a bloodstained altar of Trog.
  5205 | D:7      | Reached * piety under Okawaru
  5271 | D:7      | Reached skill level 6 in Long Blades
  5401 | D:7      | Found a deep blue altar of Sif Muna.
  5820 | D:8      | Noticed a hill giant
  5833 | D:8      | Killed a hill giant
  5833 | D:8      | Reached XP level 9. HP: 20/75 MP: 6/8
  6210 | D:8      | Reached ** piety under Okawaru
  6275 | D:8      | Reached skill level 7 in Long Blades
  6295 | D:8      | Reached skill level 10 in Shields
  6544 | D:8      | You fall through a shaft for 2 floors!
  6544 | D:10     | Entered Level 10 of the Dungeon
  6655 | D:10     | Got a garnet-encrusted chain mail
  6729 | D:10     | Identified the +7 chain mail "Fygg" {Int+5} (You found it on level 10 of the Dungeon)
  7061 | D:10     | Reached skill level 1 in Invocations
  7156 | D:10     | Reached skill level 8 in Long Blades
  7299 | D:10     | Reached XP level 10. HP: 79/84 MP: 9/9
  7353 | D:10     | Reached *** piety under Okawaru
  7647 | D:9      | Noticed Erolcha
  7651 | D:9      | Killed Erolcha
  7651 | D:9      | Reached skill level 10 in Armour
  7942 | D:8      | Found a glowing silver altar of Zin.
  7943 | D:8      | Noticed an angel
  8290 | D:9      | Reached **** piety under Okawaru
  8471 | D:9      | Reached skill level 5 in Dodging
  8515 | D:9      | Reached ***** piety under Okawaru
  8584 | D:9      | Found a staircase to the Lair.
  8646 | D:9      | Reached skill level 9 in Long Blades
  8913 | D:9      | Found a snail-covered altar of Cheibriados.
  9053 | D:11     | Noticed a hill giant
  9074 | D:10     | Reached XP level 11. HP: 83/94 MP: 10/10
  9134 | D:11     | Received a gift from Okawaru
  9143 | D:11     | Killed a hill giant
  9386 | D:11     | Found a staircase to the Orcish Mines.
  9406 | D:11     | Noticed a brown ugly thing
  9417 | D:11     | Killed a brown ugly thing
  9429 | D:11     | Reached skill level 10 in Long Blades
  9643 | D:11     | Received a gift from Okawaru
  9646 | D:11     | Got an ancient cloak {god gift}
  9657 | D:11     | Identified the +0 cloak of Jucu {rPois rF- MR+ Stlth+} (Okawaru gifted it to you on level 11 of the Dungeon)
  9723 | D:11     | Noticed a skeletal warrior
  9727 | D:11     | Noticed a skeletal warrior
  9728 | D:11     | Noticed a skeletal warrior
  9731 | D:11     | Killed a skeletal warrior
  9732 | D:11     | Noticed a five-headed hydra
  9734 | D:11     | Noticed a skeletal warrior
 10036 | D:11     | Killed a skeletal warrior
 10036 | D:11     | Reached skill level 11 in Long Blades
 10048 | D:11     | Killed a skeletal warrior
 10056 | D:11     | Killed a skeletal warrior
 10440 | D:11     | Killed a nine-headed hydra
 10460 | D:11     | Noticed a hill giant
 10466 | D:11     | Killed a hill giant
 10466 | D:11     | Reached XP level 12. HP: 103/106 MP: 12/12
 10849 | D:12     | Reached skill level 10 in Fighting
 10883 | D:12     | Noticed Azrael
 10886 | D:12     | Found a shattered altar of Ashenzari.
 10893 | D:12     | Killed Azrael
 10893 | D:12     | Reached skill level 12 in Long Blades
 11106 | D:12     | Noticed a six-headed hydra
 11116 | D:12     | Killed a two-headed hydra
 11287 | D:12     | Noticed Urug
 11296 | D:12     | Killed Urug
 11629 | D:12     | Reached skill level 13 in Long Blades
 11822 | Lair:1   | Entered Level 1 of the Lair of Beasts
 12392 | Lair:1   | Reached ****** piety under Okawaru
 12841 | Lair:2   | Noticed a six-headed hydra
 12850 | Lair:2   | Killed a three-headed hydra
 13424 | Lair:2   | Received a gift from Okawaru
 13559 | Lair:3   | Received a gift from Okawaru
 13572 | Lair:3   | Reached XP level 13. HP: 83/116 MP: 13/13
 13847 | Lair:3   | Found a staircase to the Shoals.
 13900 | Lair:3   | Reached skill level 14 in Long Blades
 14181 | Lair:4   | Found a dark tunnel.
 14226 | Volcano  | Entered a volcano
 14388 | Lair:4   | Noticed Harold
 14398 | Lair:4   | Killed Harold
 14522 | Lair:4   | HP: 4/118 [death yak (20)]
 15482 | Lair:5   | Received a gift from Okawaru
 15538 | Lair:5   | Reached skill level 15 in Long Blades
 15675 | Lair:5   | Found a frozen archway.
 15775 | IceCv    | Entered an ice cave
 16445 | IceCv    | Got a heavily runed sapphire amulet
 16447 | IceCv    | Identified the amulet of Lomett {+Rage rElec Str+4 SInv} (You found it in an ice cave)
 16467 | IceCv    | Got a smoking granite ring
 16469 | IceCv    | Identified the ring of Goffusta {*Corrode rElec rF++ MR+ SInv} (You found it in an ice cave)
 16668 | Lair:5   | Reached XP level 14. HP: 122/129 MP: 14/14
 17592 | Lair:6   | Found a hole to the Spider Nest.
 18119 | Lair:6   | Reached skill level 16 in Long Blades
 18600 | Lair:7   | Found a shimmering altar of Xom.
 18731 | Lair:7   | Noticed Maud
 18738 | Lair:7   | Killed Maud
 19185 | Lair:8   | Entered Level 8 of the Lair of Beasts
 19449 | Lair:8   | Received a gift from Okawaru
 19846 | Lair:8   | Found a staircase to the Slime Pits.
 20914 | Lair:8   | Reached skill level 17 in Long Blades
 21161 | Lair:8   | Reached XP level 15. HP: 133/138 MP: 15/15
 21859 | D:13     | Received a gift from Okawaru
 21892 | D:13     | Cast into level 2 of the Abyss (a distortion unwield)
 22026 | Abyss:2  | Noticed a tentacled starspawn
 22032 | Abyss:2  | Paralysed by accursed screaming for 2 turns
 22033 | Abyss:2  | HP: 6/139 [starcursed mass/accursed screaming (15)]
 22034 | Abyss:2  | Killed from afar by a starcursed mass

Skill      XL: |  1  2  3  4  5  6  7  8  9 10 11 12 13 14 15 |
---------------+----------------------------------------------+-----
Armour         | 4 5 6 8 9 10 11 13 14 | 14.9
Shields        | 4 5 6 7 9 10 12 13 14 | 14.1
Long Blades    | 3 4 5 6 8 9 11 13 15 17 | 17.3
Dodging        | 1 2 3 4 5 6 7 8 |  8.6
Fighting       | 4 5 6 7 9 11 13 14 | 14.3
Stealth        | 1 |  1.6
Invocations    | 1 2 |  2.0
Evocations     | |  0.5

Action                   |  1- 3 |  4- 6 |  7- 9 | 10-12 | 13-15 || total
-------------------------+-------+-------+-------+-------+-------++-------
Melee: Long sword        |    86 |   305 |   447 |   298 |   334 ||  1470
       Headbutt          |    15 |    84 |   100 |   164 |   310 ||   673
       Great sword       |       |       |       |   343 |   272 ||   615
       Scimitar          |       |       |       |    15 |       ||    15
       Punch             |       |       |       |       |     3 ||     3
       Double sword      |       |       |       |       |   629 ||   629
Invok: Heroism           |       |       |     6 |     8 |    10 ||    24
 Abil: Evoke Flight      |       |       |       |       |     1 ||     1
Evoke: Wand              |       |       |       |       |     2 ||     2
  Use: Scroll            |       |     5 |     8 |    12 |    17 ||    42
       Potion            |       |       |     1 |       |     3 ||     4
  Eat: Chunk             |     1 |     6 |    23 |    19 |    27 ||    76
       Pizza             |       |       |       |     1 |     1 ||     2
       Beef jerky        |       |       |       |     1 |     1 ||     2
Armor: Scale mail        |    21 |       |       |       |       ||    21
       Chain mail        |    11 |    79 |    58 |   352 |   594 ||  1094
       Plate armour      |       |    75 |   208 |       |       ||   283
Dodge: Dodged            |    37 |    45 |   125 |   271 |   667 ||  1145
Block: Shield            |    54 |   142 |   324 |   160 |   532 ||  1212
